 Dungeon Crawl Stone Soup version 0.31-a0-83-gbff143cfd1 (webtiles) character file.

Game seed: 17637943930255824377

99 Jzorn the Charlatan (level 5, -1/38 HPs)
             Began as a Human Wanderer on May 24, 2023.
             Was a Follower of Vehumet.
             Splashed by a jelly's acid (8 damage)
             ... on level 3 of the Dungeon.
             The game lasted 00:56:22 (2156 turns).

Jzorn the Charlatan (Human Wanderer)                Turns: 2156, Time: 00:56:22

Health: -1/38      AC:  3    Str: 13    XL:     5   Next: 2%
Magic:  5/5        EV:  3    Int:  9    God:    Vehumet [*.....]
Gold:   132        SH:  0    Dex: 23    Spells: 4/4 levels left

rFire   . . .        o - +0 rapier
rCold   . . .        (no shield)
rNeg    . . .        n - +0 plate armour
rPois   .            d - +0 helmet
rElec   .            (no cloak)
rCorr   .            (no gloves)
SInv    .            (no boots)
Will    .....        (no amulet) Stlth
                     l - +6 ring of dexterity
HPRegen 0.26/turn    (no ring)
MPRegen 0.09/turn

%: no passive effects
@: corroded
A: no striking features
a: Renounce Religion


You were on level 3 of the Dungeon.
You worshipped Vehumet.
Vehumet was aware of your devotion.
You visited 1 branch of the dungeon, and saw 3 of its levels.

You collected 132 gold pieces.

Inventory:

Hand Weapons
 a - a +0 spear
 f - a +0 dagger
 g - a +2 dagger of flaming
 h - a +0 short sword
 k - a +0 club
 o - a +0 rapier (weapon)
 q - a +0 club
 v - a +0 dagger
 x - a +0 short sword
 y - a +0 dagger
 z - a +0 whip
 A - a +0 dagger
 B - a +0 dagger
 C - a +0 dagger
 E - a +0 dagger
 F - a +0 short sword
 J - a +0 dagger
 M - a +0 dagger
 P - a +0 short sword
 Q - a +0 club
 R - a +0 sling
 S - a +0 club
 U - a +0 whip
 V - a +0 dagger
 W - a +0 dagger
 X - a +0 short sword
 Y - a +0 club
Missiles
 p - 41 stones
 w - 5 poisoned darts (quivered)
 T - 2 boomerangs
Armour
 c - a +0 helmet
 d - a +0 helmet (worn)
 e - a +0 leather armour
 n - a +0 plate armour (worn)
 t - a +0 leather armour
 K - a +0 ring mail
 L - a +0 robe
 O - a +0 leather armour
Jewellery
 l - a +6 ring of dexterity (left hand)
Scrolls
 i - 5 scrolls of identify
 j - 3 scrolls of teleportation {unknown}
 r - a scroll of magic mapping {unknown}
 G - a scroll of fear
 H - a scroll of poison {unknown}
 I - a scroll of torment {unknown}
 N - a scroll of noise {unknown}
Potions
 m - 2 potions of mutation
 s - 2 potions of heal wounds {unknown}
 u - a potion of brilliance {unknown}
 D - a potion of degeneration {unknown}
Miscellaneous
 b - a tin of tremorstones (1/2)


   Skills:
 + Level 2.2 Fighting
 + Level 2.1 Short Blades
 + Level 2.2 Polearms
 + Level 1.8 Armour
 + Level 0.1 Dodging
 + Level 2.2 Stealth
 + Level 4.5 Evocations


You had 4 spell levels left.
You didn't know any spells.
Your spell library contained the following spells:

 Spells                   Type           Power      Damage    Failure   Level
 Foxfire                  Conj/Fire      0%         2x1d4     100%        1
 Static Discharge         Conj/Air       0%         2-2/arc   100%        2
 Stone Arrow              Conj/Erth      0%         3d7       100%        3
 Summon Guardian Golem    Hex/Summ       0%         N/A       100%        3
 Airstrike                Air            0%         2d(0-16)  100%        4
 Animate Armour           Summ/Erth      0%         N/A       100%        4
 Summon Lightning Spire   Summ/Air       0%         N/A       100%        4
 Orb of Destruction       Conj           0%         9d5       100%        7
 Spellforged Servitor     Conj/Summ      0%         N/A       100%        7
 Lehudib's Crystal Spear  Conj/Erth      0%         10d2      100%        8


Dungeon Overview and Level Annotations

Branches:
Dungeon (3/15)

Altars:
Vehumet


Message History

V - a +0 dagger;
W - a +0 dagger;
X - a +0 short sword The kobold hits you but does no damage.
You miss the kobold. The kobold hits you but does no damage.
You closely miss the kobold. The kobold hits you but does no damage.
The kobold hits you with a +0 club.
You puncture the kobold!
You kill the kobold!
Vehumet accepts your kill.
There is an open gate here.
Things that are here:
a +0 club; a kobold corpse
Y - a +0 club
p - 36 stones (gained 7)
There are no items here.
p - 41 stones (gained 5)
There are no items here.
You open the door.
There is an open door here.
A kobold comes into view. It is wielding a +0 whip.
The kobold shouts!
You hear a distant slurping noise.
The door mysteriously vanishes.
A jelly comes into view.
You hit the kobold.
You kill the kobold!
Vehumet accepts your kill.
You puncture the jelly! The acid corrodes you!
Your hands burn!
The jelly is moderately wounded.
The jelly hits you. The acid corrodes you!
You are splashed with acid!
You hit the jelly.
Your hands burn!
The jelly is heavily wounded.
The jelly hits you.
You are splashed with acid!
* * * LOW HITPOINT WARNING * * *
You hit the jelly but do no damage.
Your hands burn!
* * * LOW HITPOINT WARNING * * *
The jelly is heavily wounded.
The jelly hits you but does no damage. The jelly attacks as you move away!
The jelly hits you.
* * * LOW HITPOINT WARNING * * *
You are splashed with acid!
You die...

# #...###### #..# # #..##########
# ##.# # #..###......##. #..
#..##.......#.# ###
#..'........#.# #####
#..'........#.# # ##.... .
##.†......#'#.# #.#..>..
.####†##.....#.#J# #.......
......###....#.#@# #.......
......# #######.## ##......
#.....########### ##......
#.....#......#############.......
#................................
................######## ##......
#.........#...######## #......
#.....#..............######......
#.....#####...######.............


You could see a jelly.

Vanquished Creatures
  2 adders (D:3)
  3 dart slugs
  6 bats
  8 endoplasms
  3 giant cockroaches (D:2)
  8 goblins
  8 hobgoblins
  4 jackals (D:1)
  A quokka (D:3)
  A ball python (D:1)
  7 frilled lizards
  11 kobolds
  6 rats
68 creatures vanquished.

Notes
Turn   | Place    | Note
-------+----------+-------------------------------------------
     0 | D:1      | Jzorn the Human Wanderer began the quest for the Orb.
     0 | D:1      | Jzorn set off with the following items: a +0 spear, a tin
                  | of tremorstones (2/2), a +0 helmet, a scroll of fear, a +0
                  | leather armour.
     0 | D:1      | Reached XP level 1. HP: 16/16 MP: 1/1
   124 | D:1      | Reached XP level 2. HP: 11/22 MP: 2/2
   160 | D:1      | HP: 1/22 [hobgoblin (2)]
   402 | D:1      | Reached skill level 1 in Armour
   402 | D:1      | Reached XP level 3. HP: 27/27 MP: 3/3
  1388 | D:2      | Found a radiant altar of Vehumet.
  1396 | D:2      | Became a worshipper of Vehumet
  1503 | D:2      | Reached XP level 4. HP: 33/33 MP: 4/4
  1596 | D:2      | Reached skill level 1 in Short Blades
  2123 | D:3      | Reached * piety under Vehumet
  2123 | D:3      | Offered knowledge of Foxfire by Vehumet.
  2124 | D:3      | Reached XP level 5. HP: 33/38 MP: 5/5
  2156 | D:3      | Splashed by a jelly's acid

Illustrated notes

Levels and vault maps discovered:
D:1:      dpeg_arrival_arbitrary_b, layout_rooms, wad_floor_pattern_1
D:2:      minmay_chambers_of_ones, layout_loops_ring, basic_altar,
          minmay_tripent
D:3:      cheibrodos_fertilizer, layout_rooms

Skill      XL: |  1  2  3  4 |
---------------+-------------+-----
Armour         | 1 |  1.8
Short Blades   | 2 |  2.1
Fighting       | |  2.2
Polearms       | |  2.2
Dodging        | |  0.1
Stealth        | |  2.2
Evocations     | |  4.5

Action                     |  1- 3 |  4- 6 || total
---------------------------+-------+-------++-------
  Melee: Spear             |    42 |       ||    42
         Dagger            |    19 |       ||    19
         Punch             |     1 |     3 ||     4
         Rapier            |    71 |    89 ||   160
  Throw: Stone             |     3 |       ||     3
  Evoke: Tin of tremorston |     1 |       ||     1
    Use: Scroll            |     2 |       ||     2
 Armour: Leather armour    |    26 |       ||    26
         Plate armour      |    46 |    84 ||   130
  Dodge: Dodged            |    56 |    12 ||    68

Table legend: (Time is in decaauts)
 A = Elapsed time spent in this place.
 B = Non-inter-level travel time spent in this place.
 C = Inter-level travel time spent in this place.
 D = Time resting spent in this place.
 E = Time spent auto-exploring this place.
 F = Levels seen in this place.
 G = Mean time per level.
                   A        B        C        D        E       F      G
               +--------+--------+--------+--------+--------+-----+--------+
         Total |   2178 |   1246 |    932 |      0 |      0 |   3 |  726.0 |
       Dungeon |   2178 |   1246 |    932 |      0 |      0 |   3 |  726.0 |
               +--------+--------+--------+--------+--------+-----+--------+

Top non-repeatable levels by time:
     D:2: 933 daAuts
     D:1: 796 daAuts
     D:3: 449 daAuts
